Map: Arctic Dream LE

Players

payLow

  • Race: Terran Terran
  • Spawn Location: 11:00

flyhigh

  • Race: Zerg Zerg
  • Spawn Location: 12:00

Massa - Winner!

  • Race: Terran Terran
  • League: Platinum
  • Spawn Location: 6:00

qqq - Winner!

  • Race: Zerg Zerg
  • Spawn Location: 5:00

VOD

Have the link to the VOD?

Description

Time

  • Played on: March 15, 2021, 1:25 p.m.
  • Length: 5:50
Show
View Real Time Build Order
Export as new Build Order

payLow Terran 

Build Orders: Reaper Expand 

Get SALT Encoding   

  12  0:00  SCV  
  13  0:12  SCV  
  14  0:17  Supply Depot  
  14  0:24  SCV  
  15  0:39  SCV  
  15  0:40  Barracks  
  16  0:46  Refinery  
  16  0:51  SCV  
  17  1:03  SCV  
  18  1:15  SCV  
  19  1:30  Reaper  
  20  1:41  Command Center  
  20  1:44  Orbital Command  
  20  1:58  Supply Depot  
  20  2:02  Barracks Tech Lab  
  20  2:16  SCV  
  20  2:19  Refinery  
  20  2:40  SCV  
  21  2:52  SCV  
  21  2:55  Marauder  
  24  3:00  Factory  
  24  3:03  Barracks  
  24  3:04  Barracks  
  24  3:05  SCV  
  25  3:09  Concussive Shells  
  25  3:11  Orbital Command  
  25  3:13  Supply Depot  
  25  3:17  SCV  
  26  3:29  SCV  
  27  3:36  SCV  
  27  3:41  SCV  
  29  3:47  Starport, Factory Reactor, Supply Depot  
  29  3:48  SCV  
  30  3:52  Barracks Reactor, Barracks Tech Lab  
  30  3:56  SCV  
  30  3:58  Marine  
  30  4:00  Stimpack  
  32  4:06  SCV  
  32  4:09  SCV  
  34  4:12  Engineering Bay  
  34  4:16  Engineering Bay  
  34  4:18  SCV  
  35  4:27  SCV  
  35  4:28  Marauder, Marine x2  
  35  4:30  SCV  
  35  4:31  Combat Shield  
  41  4:35  Medivac  
  43  4:40  Marine  
  44  4:46  Marine  
  44  4:49  SCV x2  
  47  4:55  Marine x2  
  47  4:58  Marine  
  48  5:09  Marine  
  48  5:12  Marine  
  48  5:13  Marauder  
  44  5:25  Marauder  
  44  5:27  Marine  
  45  5:30  Marine  
Show
View Real Time Build Order
Export as new Build Order

flyhigh Zerg 

Build Orders: Hatch First 

Get SALT Encoding   

  12  0:00  Drone  
  13  0:17  Overlord  
  13  0:18  Drone  
  14  0:35  Drone  
  14  0:36  Drone  
  16  0:43  Drone  
  17  0:58  Hatchery  
  17  0:59  Drone  
  17  1:04  Drone  
  17  1:09  Extractor  
  17  1:11  Drone  
  18  1:18  Spawning Pool  
  18  1:23  Drone  
  18  1:33  Drone  
  19  1:45  Drone  
  20  1:54  Overlord  
  20  2:07  Queen  
  22  2:10  Queen  
  22  2:11  Metabolic Boost  
  22  2:13  Zergling x4  
  26  2:16  Drone  
  27  2:47  Drone x2  
  27  2:48  Drone x3, Hatchery  
  31  3:01  Roach Warren  
  31  3:02  Drone x2  
  32  3:11  Drone x2  
  32  3:12  Drone  
  35  3:14  Extractor  
  35  3:17  Lair  
  34  3:27  Drone  
  34  3:28  Drone  
  34  3:30  Overlord  
  36  3:48  Drone x5  
  41  3:56  Drone  
  42  4:11  Drone  
  42  4:12  Drone x7  
  42  4:15  Glial Reconstitution  
  50  4:19  Extractor  
  50  4:20  Extractor, Queen  
  50  4:26  Overlord x3  
  50  4:42  Pneumatized Carapace  
  49  4:49  Roach x9  
  67  4:57  Roach  
  67  4:58  Roach x2  
  73  5:26  Roach  
  72  5:29  Overlord  
  72  5:30  Overlord  
  72  5:31  Ravager  
Show
View Real Time Build Order
Export as new Build Order

Massa Terran - Winner!

Build Orders: 2 Factory, Reaper Expand 

Get SALT Encoding   

  12  0:00  SCV  
  13  0:13  SCV  
  14  0:17  Supply Depot  
  14  0:25  SCV  
  15  0:39  SCV  
  15  0:40  Barracks  
  16  0:45  Refinery  
  16  0:54  SCV  
  17  1:06  SCV  
  18  1:14  Refinery  
  18  1:18  SCV  
  19  1:39  Command Center  
  19  1:41  Reaper  
  20  1:50  Supply Depot  
  20  2:03  Orbital Command  
  20  2:17  Factory  
  20  2:30  SCV  
  20  2:36  Factory  
  21  2:42  SCV  
  22  2:51  Barracks Tech Lab  
  22  3:00  SCV  
  23  3:08  Supply Depot  
  23  3:13  SCV  
  23  3:18  Hellion  
  23  3:19  Factory Reactor  
  26  3:21  Barracks Tech Lab  
  26  3:22  Infernal Pre-Igniter  
  26  3:25  Orbital Command  
  26  3:26  SCV  
  27  3:40  Hellion  
  29  3:45  Supply Depot  
  29  3:46  Stimpack  
  29  3:58  Hellion x2  
  29  4:01  Hellion  
  35  4:05  SCV  
  35  4:06  SCV  
  35  4:08  Engineering Bay  
  37  4:17  SCV, Supply Depot  
  37  4:18  SCV  
  37  4:19  Hellion  
  37  4:23  Starport  
  45  4:38  Hellion x2  
  45  4:40  Hellion  
  47  4:48  SCV x2  
  49  4:53  Missile Turret  
  49  4:56  Missile Turret  
  49  4:58  Marine  
  48  5:15  Marine  
Show
View Real Time Build Order
Export as new Build Order

qqq Zerg - Winner!

Build Orders: Hatch First 

Get SALT Encoding   

  12  0:00  Drone  
  13  0:08  Drone  
  14  0:17  Overlord  
  14  0:46  Hatchery  
  13  0:52  Drone x2  
  13  0:53  Drone  
  16  1:03  Drone  
  17  1:21  Spawning Pool  
  17  1:22  Extractor, Drone  
  16  1:34  Drone  
  17  1:40  Drone  
  18  1:57  Drone  
  18  1:58  Drone  
  20  2:06  Drone  
  21  2:09  Queen  
  25  2:16  Roach Warren  
  25  2:21  Lair  
  22  2:23  Drone  
  22  2:24  Drone  
  22  2:29  Overlord  
  24  2:32  Drone  
  25  2:38  Drone  
  25  2:39  Drone  
  27  2:50  Zergling x4  
  28  2:53  Overlord  
  28  2:54  Drone  
  28  2:57  Extractor  
  28  3:02  Queen  
  30  3:05  Roach  
  30  3:10  Roach  
  34  3:14  Roach  
  34  3:16  Drone  
  37  3:23  Glial Reconstitution  
  37  3:28  Roach  
  37  3:32  Overlord  
  39  3:37  Drone  
  39  3:40  Drone  
  41  3:42  Roach  
  41  3:46  Overlord  
  43  3:57  Roach x2  
  43  4:00  Drone  
  43  4:01  Roach  
  50  4:05  Roach  
  50  4:07  Drone  
  53  4:11  Roach  
  55  4:21  Spine Crawler  
  54  4:25  Roach x2  
  54  4:28  Roach  
  60  4:36  Evolution Chamber, Overlord  
  59  4:40  Drone  
  60  4:50  Overlord x2  
  60  4:56  Roach x2  
  60  4:59  Drone  
  65  5:07  Roach  
  67  5:09  Overlord  
  65  5:24  Roach  
  65  5:25  Roach x4  
  73  5:36  Drone  
Tags
 
Add a new tag
Caveats
  • Supply blocks, unpowered buildings, or Contaminate may cause inaccurate times.
  • Supply counts are checked every 10 seconds.